 Dungeon Crawl Stone Soup version 0.23.0-3-gf3c87f2 (webtiles) character file.

Game seed: 10778607753746450425

714 Evonexus1234 the Poker (level 7, -6/63 HPs)
             Began as a Minotaur Fighter on Feb 24, 2019.
             Mangled by an ogre
             ... wielding a +0 giant club
              (17 damage)
             ... on level 4 of the Dungeon.
             The game lasted 00:12:46 (2770 turns).

Evonexus1234 the Poker (Minotaur Fighter)           Turns: 2770, Time: 00:12:46

Health: -6/63      AC: 13    Str: 32    XL:     7   Next: 41%
Magic:  6/6        EV:  6    Int:  5    God:
Gold:   124        SH: 11    Dex: 10    Spells: 6/6 levels left

rFire    . . .     SeeInvis .   j - +2 spear (flame)
rCold    . . .     Gourm    .   c - +0 shield
rNeg     . . .     Faith    .   n - +0 plate armour
rPois    .         Spirit   .   (helmet restricted)
rElec    .         Reflect  .   (no cloak)
rCorr    .         Harm     .   k - +0 pair of gloves
MR       .....                  (no boots)
Stlth    ..........             (no amulet)
HPRegen  0.20/turn              t - +5 ring of strength
MPRegen  0.10/turn              (no ring)

@: mighty, slowed, very slow
A: retaliatory headbutt, horns 2
a: no special abilities


You were on level 4 of the Dungeon.
You were not hungry.

You visited 1 branch of the dungeon, and saw 4 of its levels.

You collected 124 gold pieces.

Inventory:

Hand Weapons
 b - a +0 hunting sling
 j - a +2 spear of flaming (weapon)
 D - a +1 scythe of freezing
Missiles
 h - 53 stones (quivered)
 i - 18 sling bullets
Armour
 c - a +0 shield (worn)
 k - a +0 pair of gloves (worn)
 n - a +0 plate armour (worn)
Jewellery
 t - a +5 ring of strength (left hand)
Wands
 q - a wand of digging (5)
 u - a wand of iceblast (8)
Scrolls
 m - a scroll of magic mapping
 o - 8 scrolls of identify
 p - 2 scrolls of amnesia {unknown}
 s - a scroll of teleportation {unknown}
 v - 3 scrolls of remove curse
 w - a scroll of random uselessness {unknown}
 x - a scroll of enchant weapon {unknown}
 y - a scroll of fear {unknown}
Potions
 a - a potion of degeneration {unknown}
 e - a potion of cancellation {unknown}
 g - 5 potions of curing
 l - a potion of invisibility {unknown}
 r - 2 potions of lignification {unknown}
 z - a potion of agility {unknown}
 A - a potion of resistance {unknown}
 C - a potion of ambrosia {unknown}
Comestibles
 f - 4 rations
 B - 5 chunks of flesh


   Skills:
 - Level 6.0 Fighting
   Level 2.4 Maces & Flails
 - Level 6.4 Polearms
 - Level 5.0 Armour
 + Level 5.6 Shields


You had 6 spell levels left.
You didn't know any spells.
Your spell library was empty.

Dungeon Overview and Level Annotations

Branches:
Dungeon (4/15)
 Temple: D:4-7

Altars:
The Shining One


Innate Abilities, Weirdness & Mutations

You reflexively headbutt those who attack you in melee.
You have a pair of horns on your head.


Message History

The orc wizard casts a spell at you.
The magic dart hits you but does no damage.
You barely miss the orc wizard.
The orc wizard hits you with a +0 dagger.
* * * LOW HITPOINT WARNING * * *
The orc wizard hits you with a +0 dagger.
* * * LOW HITPOINT WARNING * * *
You hit the orc wizard. You burn the orc wizard.
Your headbutt misses the orc wizard.
The orc wizard is severely wounded.
The orc wizard casts a spell.
The orc wizard blinks!
The orc wizard hits you but does no damage.
The orc wizard hits you but does no damage.
You hit the orc wizard. You burn the orc wizard.
You kill the orc wizard!
You hit the ogre. You burn the ogre. You headbutt the ogre!
The ogre is severely wounded.
The ogre hits you with a +0 giant club!
You die...

#.÷##.#..†...<# ..
............#.###.
#..##.####))#.... #..##.##
#..# #.#######.#.
#..##..###.)###.((()......
...##<...........######.##
#.####.##...##...## #.#
#.#........O.#####.
#.####.#......).@.......
#>................######
####....#...##...##
...........###..##
#..............##
..........####.
#.........# #.#
####....### #.# ####....#
#.#


You could see an ogre.

Vanquished Creatures
  Sigmund (D:3)
  2 orc priests (D:4)
  A hound (D:4)
  A worker ant (D:3)
  7 orc wizards (D:4)
  Natasha (thrice) (D:3)
  6 adders
  An adder zombie (D:2)
  4 worms
  A dart slug (D:1)
  7 leopard geckos
  17 orcs (D:4)
  5 bats
  5 giant cockroaches
  5 goblins
  7 hobgoblins
  2 jackals (D:1)
  4 kobolds
  2 quokkas (D:2)
  4 ball pythons
  3 frilled lizards
  3 rats (D:3)
91 creatures vanquished.

Vanquished Creatures (others)
  An orc wizard (D:4)
  2 plants (D:4)
3 creatures vanquished.

Grand Total: 94 creatures vanquished

Notes
Turn   | Place    | Note
-------+----------+-------------------------------------------
     0 | D:1      | Evonexus1234 the Minotaur Fighter began the quest for the
                  | Orb.
     0 | D:1      | Reached XP level 1. HP: 19/19 MP: 0/0
   258 | D:1      | Found a glowing golden altar of the Shining One.
   265 | D:1      | Reached skill level 1 in Polearms
   549 | D:1      | Reached XP level 2. HP: 26/26 MP: 1/1
   960 | D:2      | Reached XP level 3. HP: 31/31 MP: 2/2
  1503 | D:2      | Reached XP level 4. HP: 40/40 MP: 3/3
  1825 | D:3      | Noticed Natasha
  1830 | D:3      | Killed Natasha
  1940 | D:3      | Reached skill level 5 in Armour
  1940 | D:3      | Reached XP level 5. HP: 37/46 MP: 4/4
  2118 | D:3      | Noticed Natasha
  2130 | D:3      | Killed Natasha
  2134 | D:3      | Noticed Natasha
  2141 | D:3      | Killed Natasha
  2175 | D:3      | Noticed Sigmund
  2188 | D:3      | Killed Sigmund
  2188 | D:3      | Reached XP level 6. HP: 30/52 MP: 5/5
  2547 | D:4      | Reached skill level 5 in Fighting
  2607 | D:4      | Reached XP level 7. HP: 40/62 MP: 6/6
  2745 | D:4      | Reached skill level 5 in Shields
  2770 | D:4      | Mangled by an ogre

Skill      XL: |  1  2  3  4  5  6  7 |
---------------+----------------------+-----
Polearms       | 2 3 4 6 |  6.4
Fighting       | 4 5 6 |  6.0
Shields        | 4 5 |  5.6
Armour         | 5 |  5.0
Maces & Flails | |  2.4

Action                   |  1- 3 |  4- 6 |  7- 9 || total
-------------------------+-------+-------+-------++-------
Melee: Spear             |    78 |   123 |    53 ||   254
       Headbutt          |     5 |    21 |     5 ||    31
Throw: Stone             |     9 |    16 |       ||    25
  Use: Scroll            |     3 |       |       ||     3
       Potion            |       |       |     1 ||     1
  Eat: Chunk             |     2 |     3 |     1 ||     6
Armor: Scale mail        |     5 |       |       ||     5
       Plate armour      |    41 |    37 |    39 ||   117
Dodge: Dodged            |     7 |    11 |     7 ||    25
Block: Shield            |    33 |    34 |    15 ||    82
